 Dungeon Crawl Stone Soup version 0.19-a0-1658-gfb58d39 (webtiles) character file.

19659 goodcoolguy the Blocker (level 12, 31/56 HPs)
             Began as a Vine Stalker Fighter on Sept 24, 2016.
             Was a High Priest of Nemelex Xobeh.
             Quit the game on level 13 of the Dungeon on Sept 26, 2016.
             The game lasted 01:05:34 (11728 turns).

goodcoolguy the Blocker (Vine Stalker Fighter)     Turns: 11728, Time: 01:05:35

Health: 31/56      AC: 21    Str: 25    XL:     12   Next: 71%
Magic:  9/17       EV:  7    Int:  8    God:    Nemelex Xobeh [*****.]
Gold:   817        SH: 16    Dex: 15    Spells: 1 memorised, 9 levels left

rFire  . . .     SeeInvis +     C - +2 flail (protect)
rCold  + . .     Gourm    .     a - +2 chain mail {rC+}
rNeg   . . .     Faith    .     c - +0 shield
rPois  .         Spirit   +     K - +2 hat
rElec  .         Dismiss  .     z - +1 cloak
rCorr  .         Reflect  +     (no gloves)
MR     ++...     Harm     .     N - +0 pair of boots
Stlth  ..........               F - +2 amulet of reflection
                                Q - ring of protection from magic
                                G - ring of see invisible

@: no status effects
A: fangs 3, thin skeletal structure 1, regeneration 2, magic shield, antimagic
bite, no device heal 3, rot immunity
a: Triple Draw, Deal Four, Stack Five, Renounce Religion


You were on level 13 of the Dungeon.
You worshipped Nemelex Xobeh.
Nemelex Xobeh was extremely pleased with you.
You were near starving.

You visited 2 branches of the dungeon, and saw 14 of its levels.
You also visited: Labyrinth and Bailey.

You collected 817 gold pieces.

Inventory:

Hand Weapons
 C - a +2 flail of protection (weapon)
 I - a +0 eveningstar
 P - the +10 spear of Fimbulwinter {freeze, rN+}
   (You found it on level 9 of the Dungeon)

   It has been specially enchanted to freeze those struck by it, causing extra
   injury to most foes and up to half again as much damage against particularly
   susceptible opponents.
   It can also slow down cold-blooded creatures.
   It protects you from negative energy.
Missiles
 j - 4 throwing nets (quivered)
Armour
 a - a +2 chain mail of cold resistance (worn)
 c - a +0 shield (worn)
 z - a +1 cloak (worn)
 K - a +2 hat (worn)
 N - a +0 pair of boots (worn)
Jewellery
 k - an uncursed ring of ice
 m - an uncursed ring of fire
 s - an uncursed ring of ice
 F - a +2 amulet of reflection (around neck)
 G - a ring of see invisible (left hand)
 Q - a ring of protection from magic (right hand)
Wands
 r - a wand of iceblast (9/15)
 t - a wand of iceblast (14/15)
 x - a wand of paralysis (8/24)
 T - a wand of acid (12/15)
 U - a wand of paralysis (11/24)
 W - a wand of flame (17/48)
 Z - a wand of digging (10/24)
Scrolls
 b - a scroll of amnesia {unknown}
 l - a scroll of enchant armour
 p - 6 scrolls of teleportation
 q - 3 scrolls of fear
 J - a scroll of brand weapon {unknown}
Potions
 d - 2 potions of might
 e - a potion of degeneration {unknown}
 h - a potion of cure mutation {unknown}
 i - 9 potions of curing
 v - a potion of cancellation {unknown}
 w - a potion of brilliance
 B - 7 potions of flight
 D - 4 potions of haste {unknown}
 E - 2 potions of heal wounds {unknown}
 O - 2 potions of ambrosia {unknown}
 S - a potion of mutation {unknown}
 X - a potion of experience {unknown}
Miscellaneous
 n - a legendary deck of destruction
 u - an ornate deck of summoning {drawn: 2}
 y - an ornate deck of destruction {drawn: 2}
 H - a legendary deck of escape
 L - an ornate deck of summoning
 M - an ornate deck of summoning
 R - an ornate deck of summoning
 V - a legendary deck of destruction
Comestibles
 f - 9 bread rations
 o - 4 meat rations
 A - 5 fruits
 Y - 2 beef jerkies


   Skills:
 - Level 2.6 Fighting
 + Level 11.5 Maces & Flails
 - Level 0.8 Polearms
 - Level 2.4 Armour
 + Level 13.8 Shields
 - Level 6.0 Invocations


You had 9 spell levels left.
You knew the following spells:

 Your Spells              Type           Power        Failure   Level  Hunger
a - Corpse Rot            Necr           N/A          100%        2    ###....


Dungeon Overview and Level Annotations

Branches:
Dungeon (13/15)            Temple (1/1) D:4           Swamp (0/3) D:13
    Orc (0/2) D:10
   Lair: D:-1         Snake: D:13-14     Spider: D:13-14      Crypt: Vaults:-1

Altars:
Ashenzari
Cheibriados
Dithmenos
Elyvilon
Fedhas
Gozag
Hepliaklqana
Kikubaaqudgha
Makhleb
Nemelex Xobeh
Okawaru
Qazlal
Ru
Sif Muna
Trog
Uskayaw
Vehumet
Xom
Yredelemnul
Zin
The Shining One

Annotations:
D:7 exclusion: orc wizard
D:11 exclusion: 2 oklob plants


Innate Abilities, Weirdness & Mutations

You have razor-sharp teeth.
You heal very quickly.
When hurt, damage is shared between your health and your magic reserves.
Your bite disrupts and absorbs the magic of your enemies.
Potions and wands cannot restore your health.
You are immune to rotting.
You have a somewhat thin skeletal structure. (Dex +2, Stealth)


Message History

You block the orc warrior's attack.
The orc warrior hits you with an enchanted battleaxe!
The orc closely misses you.
You hit the orc warrior.
You bite the orc warrior, but do no damage.
The orc warrior is lightly wounded.
The orc warrior hits you with a mace!
You closely miss the orc warrior.
You bite the orc warrior, but do no damage.
The orc warrior is lightly wounded.
You block the orc's attack. You block the orc warrior's attack.
You completely miss the orc warrior. You bite the orc warrior.
You drain its power.
You feel invigorated.
The orc warrior is moderately wounded.
The orc warrior hits you with a mace! You block the orc's attack.
You closely miss the orc warrior.
You bite the orc warrior, but do no damage.
The orc warrior is moderately wounded.
You block the orc warrior's attack. x2; The orc closely misses you.
Are you sure you want to abandon this character and quit the game? (Confirm with "yes".)

# .. [. #. .. .. #.. . ##..
#.## .#... ### ...#♣♣♣♣≈.# #..
#.§♣§§≈≈.# ##'# #..≈§≈≈≈♣##
#..< ##§§§§≈§).####+#### #..!
#######§§§§§≈)@o.......# #...
#....(o§§≈≈§§≈oo.......# #...
#......≈§≈§≈♣♣o........#####...
#...o...≈≈≈♣≈[)........'...#...
#...o...≈≈♣♣†)..)......###.'...
#.....>..o♣[##.........# ###...
#.[.<.o....# #..[......# #...
#########'## #######'### #...
###o..# ##.# #...


You could see 2 orc warriors and 2 orcs.

Vanquished Creatures
  Erica (D:10)
  2 unseen horrors
  2 hill giants
  A manticore (D:12)
  2 ugly things
  A gargoyle (D:11)
  2 centaur skeletons
  A kobold demonologist (D:13)
  3 trolls
  A two-headed ogre (D:11)
  5 slime creatures
  2 removed MONS_HIPPOGRIFFs
  A spriggan (D:12)
  A shadow (D:11)
  13 yaks
  A wyvern (D:12)
  2 wraiths
  4 angry ghosts (Lab)
  A steam dragon (D:9)
  A soldier ant (D:12)
  A porcupine (Bailey)
  2 water moccasins
  16 orc warriors
  2 ice beasts
  2 removed MONS_SKY_BEASTs
  3 phantoms
  A black bear (D:12)
  2 necrophages
  3 ogres
  8 centaurs
  5 big kobolds
  6 bullfrogs
  A wyvern skeleton (D:12)
  A scorpion (D:6)
  A water moccasin skeleton (D:9)
  5 killer bees
  2 howler monkeys
  10 wights
  An electric eel (D:12)
  5 crimson imps
  A centaur zombie (D:6)
  A quasit (D:11)
  A jelly (D:10)
  5 hounds
  3 bullfrog skeletons
  7 orc priests
  6 iguanas
  5 orc wizards
  7 worker ants
  Natasha (D:2)
  A killer bee zombie (D:7)
  3 worker ant zombies
  7 gnolls
  A howler monkey skeleton (D:10)
  12 adders
  2 shadow imps
  A white imp (D:5)
  2 oozes
  2 adder skeletons
  7 dart slugs
  4 leopard geckos
  36 orcs
  2 giant cockroaches
  4 goblins (D:1)
  9 hobgoblins
  13 jackals
  25 kobolds
  10 quokkas
  3 ball pythons
  10 bats
  6 frilled lizards
  A jackal skeleton (D:6)
  A leopard gecko skeleton (D:6)
  6 rats
  A plant (Lab)
330 creatures vanquished.

Vanquished Creatures (collateral kills)
  A minotaur (Lab)
  A hydra (D:12)
  An ugly thing (D:8)
  A troll (D:13)
  A two-headed ogre (D:12)
  3 slime creatures (D:12)
  A floating eye (Bailey)
  2 orc warriors (Bailey)
  3 killer bees (D:10)
  An orc wizard (D:13)
  2 orcs (D:13)
  2 kobolds (D:13)
19 creatures vanquished.

Vanquished Creatures (others)
  A manticore (D:12)
  3 orc warriors (Bailey)
  A removed MONS_SKY_BEAST (D:6)
  2 centaurs
  A killer bee (D:9)
  4 orcs (Bailey)
  A plant (D:4)
  5 toadstools (D:1)
18 creatures vanquished.

Grand Total: 367 creatures vanquished

Notes
Turn   | Place    | Note
-------+----------+-------------------------------------------
     0 | D:1      | goodcoolguy the Vine Stalker Fighter began the quest for the Orb.
     0 | D:1      | Reached XP level 1. HP: 11/11 MP: 2/2
    53 | D:1      | Reached XP level 2. HP: 8/16 MP: 3/3
   277 | D:1      | Reached skill level 3 in Shields
   376 | D:1      | Reached XP level 3. HP: 17/19 MP: 4/4
  1001 | D:2      | Gained mutation: Your natural rate of healing is unusually fast. [Vine Stalker growth]
  1001 | D:2      | Reached XP level 4. HP: 14/23 MP: 3/5
  1022 | D:2      | Found a sparkling altar of Nemelex Xobeh.
  1026 | D:2      | Became a worshipper of Nemelex Xobeh the Trickster
  1113 | D:2      | Received a gift from Nemelex Xobeh
  1561 | D:3      | Noticed Natasha
  1583 | D:2      | Reached XP level 5. HP: 26/27 MP: 4/6
  1605 | D:2      | Killed Natasha
  1605 | D:2      | Reached skill level 4 in Shields
  1605 | D:2      | Reached skill level 1 in Invocations
  1976 | D:3      | Reached * piety under Nemelex Xobeh
  2199 | D:4      | Reached XP level 6. HP: 28/32 MP: 6/8
  2459 | D:4      | Found a staircase to the Ecumenical Temple.
  2540 | D:4      | Received a gift from Nemelex Xobeh
  2810 | D:5      | Entered Level 5 of the Dungeon
  2847 | D:5      | Noticed an ice beast
  2918 | Temple   | Entered the Ecumenical Temple
  2947 | Temple   | Reached ** piety under Nemelex Xobeh
  3120 | D:5      | an ice beast changed into a centaur
  3252 | D:4      | Reached skill level 5 in Shields
  3252 | D:4      | Reached XP level 7. HP: 34/35 MP: 9/9
  3293 | D:5      | Received a gift from Nemelex Xobeh
  3409 | D:5      | Reached skill level 5 in Maces & Flails
  3851 | D:6      | Reached skill level 6 in Shields
  3851 | D:6      | Gained mutation: You have razor-sharp teeth. [Vine Stalker growth]
  3851 | D:6      | Reached XP level 8. HP: 23/39 MP: 10/10
  3937 | D:6      | Found a glowing golden altar of the Shining One.
  4075 | D:6      | Found a radiant altar of Vehumet.
  4660 | D:7      | Reached *** piety under Nemelex Xobeh
  4660 | D:7      | Received a gift from Nemelex Xobeh
  4810 | D:7      | Found a shimmering altar of Xom.
  4897 | D:7      | Found a shattered altar of Ashenzari.
  5146 | D:7      | Reached skill level 7 in Shields
  5417 | D:7      | Found a deep blue altar of Sif Muna.
  5577 | D:8      | Received a gift from Nemelex Xobeh
  5607 | D:8      | Reached XP level 9. HP: 42/43 MP: 11/11
  5804 | D:8      | Noticed a red ugly thing
  5869 | D:8      | Killed a red ugly thing
  5869 | D:8      | Reached skill level 8 in Shields
  6058 | D:8      | Reached **** piety under Nemelex Xobeh
  6121 | D:8      | Received a gift from Nemelex Xobeh
  6446 | D:9      | Received a gift from Nemelex Xobeh
  6562 | D:9      | Found a flagged portal.
  6577 | D:9      | Got a smoking spear
  6578 | D:9      | Identified the +10 spear of Fimbulwinter {freeze, rN+} (You found it on level 9 of the Dungeon)
  6579 | D:9      | huge
  6581 | Bailey   | Entered a bailey
  6829 | Bailey   | Reached skill level 9 in Shields
  6902 | Bailey   | Reached XP level 10. HP: 43/47 MP: 13/13
  6995 | Bailey   | Received a gift from Nemelex Xobeh
  7123 | Bailey   | Noticed an orc knight
  7178 | Bailey   | an orc knight changed into a floating eye
  7359 | Bailey   | wow pure shit
  7398 | D:9      | Reached ***** piety under Nemelex Xobeh
  7674 | D:9      | Reached skill level 10 in Shields
  7939 | D:10     | Entered Level 10 of the Dungeon
  8196 | D:9      | Reached skill level 5 in Invocations
  8310 | D:10     | Found a staircase to the Orcish Mines.
  8534 | D:10     | Received a gift from Nemelex Xobeh
  8536 | D:10     | Noticed Erica
  8544 | D:10     | Killed Erica
  8544 | D:10     | Reached XP level 11. HP: 51/51 MP: 16/16
  8686 | D:10     | Reached skill level 11 in Shields
  8713 | D:10     | Noticed a hill giant
  8723 | D:10     | Killed a hill giant
  8785 | D:10     | Received a gift from Nemelex Xobeh
  8785 | D:10     | Noticed a white ugly thing
  8799 | D:10     | Killed a white ugly thing
  9067 | D:11     | Reached skill level 10 in Maces & Flails
  9174 | D:11     | Found a stormy altar of Qazlal.
  9270 | D:11     | Noticed a purple ugly thing
  9288 | D:11     | a purple ugly thing changed into a slime creature
  9419 | D:11     | Found a labyrinth entrance.
  9428 | Lab      | Entered a labyrinth
  9479 | Lab      | Received a gift from Nemelex Xobeh
  9493 | Lab      | Reached skill level 12 in Shields
  9562 | Lab      | Noticed a minotaur
  9588 | Lab      | Killed a minotaur
  9612 | Lab      | Learned a level 2 spell: Corpse Rot
  9623 | Lab      | Gained mutation: You have a somewhat thin skeletal structure. (Dex +2, Stealth) [potion of beneficial mutation]
 10045 | D:11     | Found a blossoming altar of Fedhas.
 10045 | D:11     | Received a gift from Nemelex Xobeh
 10049 | D:11     | Noticed an oklob plant
 10049 | D:11     | Noticed an oklob plant
 10229 | D:12     | Noticed a seven-headed hydra
 10237 | D:12     | Killed a seven-headed hydra
 10252 | D:12     | Gained mutation: You heal very quickly. [Vine Stalker growth]
 10252 | D:12     | Reached XP level 12. HP: 42/56 MP: 13/17
 10582 | D:12     | Reached skill level 13 in Shields
 11327 | D:13     | Found a staircase to the Swamp.
 11671 | D:13     | Received a gift from Nemelex Xobeh
 11676 | D:13     | Upgraded the game from 0.19-a0-1632-g9dea0c8 to 0.19-a0-1658-gfb58d39
 11728 | D:13     | Quit the game

Vault maps used:
D:1:      ldierk_walled_garden, minmay_fountain_box
D:2:      first_bread, hangedman_decor_push, nemelex_lonely_heart_becter
D:3:      minmay_ruptured, uniq_natasha
D:4:      minmay_wonky_spiral, serial_glass, glass_columns_c, glass_columns_a,
          glass_columns_c, glass_columns_a, glass_columns_c, glass_columns_a,
          glass_columns_a, glass_columns_b, glass_columns_a, glass_columns_c,
          saegor_snake_ambush
D:5:      hex_intersection
D:6:      tso_oasis_becter, fiery_altar_vehumet
D:7:      led_sif_book, xom_butterflies, evilmike_ruin_ashenzari,
          minmay_door_square
D:9:      enter_bailey_2
D:10:     david_orc_2, uniq_erica
D:11:     lab_entry_generic, hangedman_tree_tricks, grunt_qazlal_clouds
D:12:     the_bakery, lemuel_freeze_loot_1
D:13:     swamp_mist_pool
Temple:   nicolae_temple_elliptical
Lab:      nicolae_lab_dead_adventurers, nicolae_lab_garden, lab_hedge,
          labyrinth_fake_exit, nicolae_lab_t_cross
Bailey:   bailey_polearm_2, bailey

Skill      XL: |  1  2  3  4  5  6  7  8  9 10 11 12 |
---------------+-------------------------------------+-----
Maces & Flails | 2 3 4 5 7 8 9 10 11 | 11.5
Shields        | 3 4 5 6 7 9 10 12 13 | 13.8
Invocations    | 1 2 3 5 6 |  6.0
Fighting       | |  2.6
Polearms       | |  0.8
Armour         | |  2.4

Action                   |  1- 3 |  4- 6 |  7- 9 | 10-12 || total
-------------------------+-------+-------+-------+-------++-------
Melee: Flail             |   125 |   191 |   350 |   743 ||  1409
       Bite              |    34 |    60 |    89 |   299 ||   482
       Spear             |       |       |     9 |     2 ||    11
Evoke: Deck              |       |     1 |     6 |    32 ||    39
       Wand              |       |       |       |     2 ||     2
  Use: Scroll            |       |     8 |     5 |     3 ||    16
       Potion            |       |       |       |     1 ||     1
 Stab: Sleeping          |       |     1 |       |       ||     1
       Distracted        |       |       |       |     3 ||     3
  Eat: Chunk             |       |     5 |     8 |     9 ||    22
       Meat ration       |       |     1 |       |     1 ||     2
       Royal jelly       |       |       |     1 |     1 ||     2
Armor: Scale mail        |    63 |    58 |       |       ||   121
       Leather armour    |       |     6 |    74 |       ||    80
       Chain mail        |       |       |       |   251 ||   251
       Plate armour      |       |       |       |    26 ||    26
Dodge: Dodged            |    45 |    68 |    97 |   125 ||   335
Block: Shield            |    66 |   113 |   205 |   550 ||   934
       Reflection        |       |       |    16 |    41 ||    57
